[Event "*** Qualifier 3: Titled Tuesday 3|2 Blitz"]
[Site "Chess.com"]
[Date "2017.04.18"]
[Round "1"]
[White "Grootneus"]
[Black "chipmunknau"]
[Result "1-0"]
[WhiteElo "2073"]
[BlackElo "2410"]
[TimeControl "180+2"]
[EndTime "13:07:09 PDT"]
[Termination "Grootneus won by resignation"]

1. e4 c6 2. d4 d5 3. Nc3 h6 4. Nf3 Bg4 5. exd5 cxd5 6. Bb5+ Nc6 7. O-O e6 8. h3 Bf5 9. Ne5 Rc8 10. Qh5 Qf6 11. Bg5 hxg5 12. Qxh8 Nh6 13. Rfe1 a6 14.
Nxd5 Qd8 15. Bxc6+ bxc6 16. Ne3 Be4 17. N3g4 Nf5 18.
Rxe4 Nd6 19. Ree1 Qc7 20. c3 Rb8 21. Qh5 Rxb2 22. Qxg5 c5 23. Nd3 Rc2 24. dxc5 Nf5 25. Qxf5 Rxc3 26. Qe5 Rxd3 27. Qxc7 1-0

[Event "*** Qualifier 3: Titled Tuesday 3|2 Blitz"]
[Site "Chess.com"]
[Date "2017.04.18"]
[Round "1"]
[White "NowInChess"]
[Black "Aygehovit1992"]
[Result "0-1"]
[WhiteElo "2005"]
[BlackElo "2419"]
[TimeControl "180+2"]
[EndTime "13:07:11 PDT"]
[Termination "Aygehovit1992 won on time"]

1. e4 c5 2. d3 Nc6 3. g3 g6 4.
Bg2 Bg7 5. f4 Rb8 6. Nf3 b5 7. O-O Qc7 8. Nc3 e6 9. h3 b4 10. Ne2 Nge7 11. Be3 d6 12. Rb1 a5 13. g4 f5 14. exf5 exf5 15. g5 O-O 16. h4 Be6 17. h5 Bxa2 18. h6 Bh8 19. Ra1 Bf7 20. b3 Nd5 21.
Bf2 Rbe8 22. Qd2 Rxe2 23. Qxe2 Nxf4 24. Qd2 Nxg2 25. Kxg2 Bd5 26. Rae1 Ne5 27. Rxe5 dxe5 28. Bg3 Qc6 29. Qe2 f4 30. Be1 Rf5 31. Kh3 Bxf3 32. Qxf3 Qxf3+ 33. Rxf3 Rxg5 34. Bh4 Rh5 35. Kg4 Rxh6 36.
Rf1 Kf7 37. Ra1 Rxh4+ 38. Kxh4 h5 39. Rxa5 Bf6+ 40. Kh3 Be7 41. Ra7 g5 42. Rc7 g4+ 43. Kg2 h4 44. Rc8 h3+ 45. Kh2 Ke6 46. Rg8 Kf5 47. Rg7 Bf6 48. Rf7 Kg6 49. Rf8 Bh4 50. Re8 f3 51. Rxe5 f2 52. Re6+ Kf7 0-1

[Event "*** Qualifier 3: Titled Tuesday 3|2 Blitz"]
[Site "Chess.com"]
[Date "2017.04.18"]
[Round "1"]
[White "the_drake"]
[Black "Gabix_94"]
[Result "0-1"]
[WhiteElo "2186"]
[BlackElo "2504"]
[TimeControl "180+2"]
[EndTime "13:07:17 PDT"]
[Termination "Gabix_94 won by resignation"]

1. e4 c5 2. Nf3 e6 3. d4 cxd4 4. Nxd4 Nf6 5. Nc3 Qb6 6. Nb3 Bb4 7. Bd3 d6 8. O-O Bxc3 9. bxc3 O-O 10. c4 e5 11. Be3 Qc6 12. c5 dxc5 13. Bxc5 Re8 14.
Qe2 a6 15. Ba3 Nbd7 16. Rab1 b6 17. Rfd1 Bb7 18. f3 Nf8 19. Bc4 Rac8 20. Bd3 Ne6 21. c4 Nf4 22. Qe3 h6 23. Bf1 Kh7 24. c5 bxc5 25.
Nxc5 Ba8 26. Bxa6 Rb8 27. Bf1 Rxb1 28. Rxb1 Rd8 29. Nb3 Qc2 30. Rb2 Qc7 31. Bb4 Rd1 32. Rd2 Rb1 33. Qc3 Qb8 34. Bd6 Qb5 35. Rf2 Rxf1+ 36.
Rxf1 Ne2+ 37. Kf2 Nxc3 38. Bxe5 Qe2+ 0-1

[Event "*** Qualifier 3: Titled Tuesday 3|2 Blitz"]
[Site "Chess.com"]
[Date "2017.04.18"]
[Round "1"]
[White "chesstatour"]
[Black "nurmiTV"]
[Result "0-1"]
[WhiteElo "1970"]
[BlackElo "2404"]
[TimeControl "180+2"]
[EndTime "13:07:25 PDT"]
[Termination "nurmiTV won on time"]

1. e4 c5 2. Nf3 e6 3. d4 cxd4 4.
Nxd4 a6 5. Be2 Qc7 6. O-O Nf6 7.
Nc3 Be7 8. Bg5 d6 9. Kh1 O-O 10. Qd2 Nc6 11. Rad1 Rd8 12. f4 Bd7 13. Bf3 Rac8 14.
Qf2 h6 15. Bh4 Qa5 16. a3 b5 17. Nxc6 Bxc6 18. e5 Nd5 19. Bxe7 Nxe7 20. exd6 Nf5 21. Bxc6 Rxc6 22. Ne4 Nxd6 23. Nxd6 Rcxd6 24. Rxd6 Rxd6 25. f5 Qc7 26. fxe6 Rxe6 27. Rd1 g6 28. h3 h5 29. c3 Qe7 30. Qd4 Kh7 31. Qd2 Re2 32. Qd4 Rxb2 33.
Rf1 Kg8 0-1

[Event "*** Qualifier 3: Titled Tuesday 3|2 Blitz"]
[Site "Chess.com"]
[Date "2017.04.18"]
[Round "1"]
[White "olomi007"]
[Black "Makalexa"]
[Result "1-0"]
[WhiteElo "2483"]
[BlackElo "2167"]
[TimeControl "180+2"]
[EndTime "13:07:28 PDT"]
[Termination "olomi007 won by checkmate"]

1. e4 e5 2. Nf3 Nc6 3. Bb5 a6 4.
Ba4 Nf6 5. O-O b5 6. Bb3 Bb7 7. d3 Bc5 8. Nc3 O-O 9. Bg5 Be7 10. Qd2 d6 11. a4 b4 12. Nd5 a5 13. Nxe7+ Nxe7 14. Bxf6 gxf6 15. Nh4 Kh8 16. Qh6 Ng8 17. Qh5 Qe8 18. f4 Bc8 19. Rf3 exf4 20. Rxf4 Qe5 21. Rf5 Qd4+ 22. Kh1 Bxf5 23. Nxf5 Qxb2 24. Rf1 Ne7 25.
Nxe7 Qe5 26. Nf5 Rg8 27. Bxf7 Rg5 28. Qh6 Rb8 29. d4 Rxf5 30. exf5 Qe7 31. Be6 c5 32. dxc5 dxc5 33. Rd1 Rd8 34. Rxd8+ Qxd8 35. h4 c4 36. Qe3 c3 37. Kh2 Kg7 38. h5 h6 39. Kh3 Qd2 40.
Qa7+ Kh8 41. Qb8+ Kg7 42. Qg8# 1-0

[Event "*** Qualifier 3: Titled Tuesday 3|2 Blitz"]
[Site "Chess.com"]
[Date "2017.04.18"]
[Round "1"]
[White "tigra"]
[Black "DavidMarkosyan"]
[Result "1-0"]
[WhiteElo "2614"]
[BlackElo "2320"]
[TimeControl "180+2"]
[EndTime "13:07:29 PDT"]
[Termination "tigra won by resignation"]

1. e4 d6 2. d4 Nf6 3. Nc3 e5 4. Nf3 Nbd7 5. Bc4 Be7 6. a4 O-O 7. O-O a5 8. h3 c6 9. Re1 exd4 10. Nxd4 d5 11. exd5 Nb6 12. Bb3 Nbxd5 13. Nxd5 Nxd5 14. Bxd5 cxd5 15. Bf4 Bf6 16. Be5 Bxe5 17. Rxe5 Qd6 18. Qe1 Bd7 19. b3 Rfe8 20. Rxe8+ Bxe8 21. Qc3 Bd7 22. Re1 b6 23. Re3 g6 24. Qe1 Qb4 25. Qxb4 axb4 26.
Re5 Ra5 27. Re7 Bf5 28. g4 Be6 29. Nxe6 fxe6 30. Rxe6 b5 31. axb5 Rxb5 32. Rc6 Kf7 33. Kf1 h5 34. Ke2 hxg4 35. hxg4 g5 36. Ke3 Ra5 37. Kd4 Ra1 38. Kxd5 Rf1 39. Kc5 Rxf2 40. Kxb4 Rf4+ 41. Rc4 Rf2 42. Kb5 Ke6 43. b4 Kd5 44. c3 Rg2 45. Rd4+ Ke5 46. Kc5 Rc2 47. c4 Ra2 48. b5 Ra8 49. Rd6 Kf4 50. b6 Kxg4 51.
b7 Rb8 52. Kb6 Kf5 53. c5 g4 54. c6 g3 55. c7 g2 56. c8=Q+ 1-0

[Event "*** Qualifier 3: Titled Tuesday 3|2 Blitz"]
[Site "Chess.com"]
[Date "2017.04.18"]
[Round "1"]
[White "RichardLeyvaP"]
[Black "Indianlad"]
[Result "0-1"]
[WhiteElo "2361"]
[BlackElo "2725"]
[TimeControl "180+2"]
[EndTime "13:07:34 PDT"]
[Termination "Indianlad won by checkmate"]

1. e4 c5 2. Nf3 d6 3. d4 cxd4 4. Nxd4 Nf6 5. Nc3 Bd7 6. Bg5 e6 7. Ndb5 Bc6 8. Nd4 Be7 9. Qd2 O-O 10. O-O-O Nbd7 11. f3 h6 12. Be3 d5 13. exd5 Bxd5 14. Kb1 Rc8 15. Nxd5 Nxd5 16. Bf2 Bg5 17. Qe1 N7b6 18.
h4 Be7 19. Bd3 Na4 20. c4 Nb4 21. Be4 Qa5 22. Nb3 Qa6 23. a3 Qxc4 24. Nc1 Nxb2 25.
axb4 Nxd1 26. Qxd1 Qxb4+ 27. Ka1 Bf6+ 28. Ka2 Qb2# 0-1

[Event "*** Qualifier 3: Titled Tuesday 3|2 Blitz"]
[Site "Chess.com"]
[Date "2017.04.18"]
[Round "1"]
[White "kikydu96"]
[Black "MITerryble"]
[Result "0-1"]
[WhiteElo "2342"]
[BlackElo "2658"]
[TimeControl "180+2"]
[EndTime "13:07:36 PDT"]
[Termination "MITerryble won by resignation"]

1. e4 e6 2. d4 d5 3. Nc3 Nf6 4.
e5 Nfd7 5. f4 c5 6. Nf3 Nc6 7.
Be3 Be7 8. Qd2 O-O 9. dxc5 Bxc5 10. O-O-O Qa5 11. a3 Rd8 12. Kb1 Bf8 13. Bd3 Rb8 14. Bxh7+ Kxh7 15. Ng5+ Kg8 16. Qd3 g6 17. Bd2 Bg7 18.
Nb5 Qa6 19. a4 Nf8 20. h4 Qxa4 21. h5 Qc4 22. hxg6 fxg6 23. Qh3 Qxb5 24. Rh2 Qe2 25. Rdh1 Qxd2 26. Nh7 Nxh7 27. Qxh7+ Kf7 28. Rh6 Qxg2 29. R1h2 Qg1+ 30. Ka2 Rh8 31. Qxg7+ Kxg7 32. Rxh8 Qxh2 33. Rxh2 Bd7 0-1

[Event "*** Qualifier 3: Titled Tuesday 3|2 Blitz"]
[Site "Chess.com"]
[Date "2017.04.18"]
[Round "1"]
[White "Paralinch"]
[Black "Goala"]
[Result "1-0"]
[WhiteElo "2692"]
[BlackElo "2357"]
[TimeControl "180+2"]
[EndTime "13:07:37 PDT"]
[Termination "Paralinch won by resignation"]

1. e4 e6 2. d4 d5 3. Nc3 Nf6 4. Bg5 Be7 5. e5 Nfd7 6. Bxe7 Qxe7 7. Qd2 a6 8. Nd1 c5 9. c3 Nc6 10. f4 f6 11. Nf3 O-O 12. Be2 b5 13. O-O b4 14. cxb4 cxd4 15. exf6 Nxf6 16. Nf2 Qxb4 17. Qxb4 Nxb4 18. Nxd4 Bd7 19. Rfc1 Rfc8 20. a3 Nc6 21. Nxc6 Rxc6 22. Rxc6 Bxc6 23. Rc1 Bd7 24. g4 Rb8 25. b4 Bb5 26. Kf1 d4 27. Re1 Nd5 28. Bxb5 Rxb5 29. Rxe6 a5 30. Re5 axb4 31. axb4 Ne3+ 32. Ke2 Rxb4 33.
Nd3 Ra4 34. h3 h6 35. Rb5 Ra2+ 36. Kf3 Ra3 37. Ke4 Nc2 38. Rb8+ Kh7 39. Rc8 Rc3 40. Rd8 Rc7 41. h4 Re7+ 42. Ne5 Rc7 43. h5 Nb4 44.
Ng6 1-0

[Event "*** Qualifier 3: Titled Tuesday 3|2 Blitz"]
[Site "Chess.com"]
[Date "2017.04.18"]
[Round "1"]
[White "superjem123"]
[Black "stefanodinn"]
[Result "1-0"]
[WhiteElo "2505"]
[BlackElo "2185"]
[TimeControl "180+2"]
[EndTime "13:07:39 PDT"]
[Termination "superjem123 won by resignation"]

1. d4 Nf6 2. c4 e6 3. Nf3 d5 4. Nc3 Be7 5. Bf4 O-O 6. e3 Nbd7 7. Be2 dxc4 8. Bxc4 a6 9. a4 c5 10. O-O cxd4 11.
exd4 Nb6 12. Bd3 Nbd5 13. Bd2 b6 14. Ne5 Bb7 15. Ne4 Rc8 16. Qf3 a5 17. Rad1 Rc7 18.
Rfe1 Nb4 19. Bc3 Nxd3 20. Nxf6+ gxf6 21. Qxd3 fxe5 22. d5 Bf6 23. Rxe5 Bxd5 24. Rxd5 exd5 25. Bxf6 Qxf6 26. Qg3+ Kh8 27. Qxc7 Rd8 28. h3 d4 29. Rd3 Qd6 30. Qxf7 Qb4 31. Qf6+ 1-0

[Event "*** Qualifier 3: Titled Tuesday 3|2 Blitz"]
[Site "Chess.com"]
[Date "2017.04.18"]
[Round "1"]
[White "Vamostodorecto"]
[Black "daro94"]
[Result "0-1"]
[WhiteElo "2380"]
[BlackElo "2763"]
[TimeControl "180+2"]
[EndTime "13:07:41 PDT"]
[Termination "daro94 won by resignation"]

1. d4 Nf6 2. c4 g6 3. Nc3 Bg7 4.
e4 d6 5. Be2 O-O 6. Nf3 Na6 7.
O-O e5 8. Be3 c6 9. dxe5 dxe5 10. b4 Nxb4 11. Bc5 Na6 12. Bxf8 Qxf8 13. Rb1 Nc5 14.
Nd2 Be6 15. f3 Bh6 16. Nb3 Nfd7 17. Kh1 Bg5 18. Nxc5 Nxc5 19. Na4 b6 20. Nxc5 Qxc5 21. Qc2 h5 22. g3 Bh3 23. Rg1 Qf2 24. Bd1 Be3 25.
Qxf2 Bxf2 26. Rb2 Bxg1 27. Kxg1 Rd8 28. Ba4 c5 29. Kf2 Be6 30. Bb5 Rd4 31. Rc2 Kg7 32.
Ke3 f5 33. a4 Kf6 34. Rc3 Rd1 35. Rc2 fxe4 36. fxe4 Re1+ 37. Kd3 Rxe4 38. Rf2+ Bf5 39.
Kc3 Re3+ 40. Kb2 e4 41. a5 bxa5 42. Rd2 Rd3 43. Re2 Ke5 0-1

[Event "*** Qualifier 3: Titled Tuesday 3|2 Blitz"]
[Site "Chess.com"]
[Date "2017.04.18"]
[Round "1"]
[White "jefferyx"]
[Black "pastouche06"]
[Result "0-1"]
[WhiteElo "2571"]
[BlackElo "2336"]
[TimeControl "180+2"]
[EndTime "13:07:44 PDT"]
[Termination "pastouche06 won by resignation"]

1. d4 Nf6 2. c4 e6 3. g3 d5 4. Bg2 dxc4 5. Nf3 Bd7 6. Ne5 Bc6 7. Nxc6 Nxc6 8. e3 Qd7 9. Qa4 Rd8 10. Qxc4 e5 11.
O-O exd4 12. exd4 Be7 13. Nc3 O-O 14. Rd1 Na5 15. Qf1 c6 16. Rb1 Nd5 17. Bd2 b6 18. Rbc1 Nb7 19. Qa6 Nxc3 20. Bxc3 Nd6 21. Be1 Rc8 22.
Qf1 Rc7 23. Bb4 Rd8 24. Bh3 Qe8 25. Re1 Qf8 26. Bg2 Nf5 27. Bxe7 Rxe7 28. Rxe7 Qxe7 29. Bxc6 Nxd4 30. Re1 Qb4 31. Bd5 g6 32. Re5 Qd6 33. f4 Nf5 34. Qc4 Kg7 35. Qc3 f6 36. Re6 Qxd5 37.
Qxf6+ Kg8 38. Re5 Qd1+ 39. Kg2 Rd2+ 40. Kh3 Qf1+ 41. Kg4 Qd1+ 42. Kh3 Qh5+ 0-1

[Event "*** Qualifier 3: Titled Tuesday 3|2 Blitz"]
[Site "Chess.com"]
[Date "2017.04.18"]
[Round "1"]
[White "Saitama_Hero"]
[Black "GianmarcoVaR"]
[Result "0-1"]
[WhiteElo "2165"]
[BlackElo "2475"]
[TimeControl "180+2"]
[EndTime "13:07:45 PDT"]
[Termination "GianmarcoVaR won by resignation"]

1. e4 g6 2. d4 Bg7 3. Nc3 c6 4.
h4 d5 5. h5 dxe4 6. Nxe4 Qxd4 7. Qe2 Nf6 8. Ng5 Nxh5 9. N1f3 Qb4+ 10. Bd2 Qxb2 11. Rd1 O-O 12. Rxh5 gxh5 13. Qe4 f5 14. Bc4+ Kh8 15. Qh4 Qf6 16. Kf1 Qg6 17. Bf4 b5 18.
Ne5 bxc4 19. Nxg6+ hxg6 20. Nf7+ Rxf7 21. Rd8+ Rf8 22. Qxe7 Nd7 23. Rxf8+ Nxf8 24. Be5 Bxe5 25. Qxe5+ Kg8 26. Qc7 Be6 27. Qxc6 Rb8 28. g3 Rb2 29. Qa4 c3 30. Qxa7 Rxa2 31. Kg2 Rxa7 32. Kf3 0-1

[Event "*** Qualifier 3: Titled Tuesday 3|2 Blitz"]
[Site "Chess.com"]
[Date "2017.04.18"]
[Round "1"]
[White "underdogchss"]
[Black "tihanaivekovic223"]
[Result "1-0"]
[WhiteElo "2422"]
[BlackElo "2012"]
[TimeControl "180+2"]
[EndTime "13:07:45 PDT"]
[Termination "underdogchss won by checkmate"]

1. d4 d5 2. Nf3 Nf6 3. c4 e6 4.
Nc3 Bb4 5. Bg5 Nbd7 6. cxd5 exd5 7. e3 c5 8. Bd3 Qa5 9. O-O c4 10. Bf5 Bxc3 11. bxc3 Qxc3 12. Rc1 Qa5 13. Ne5 O-O 14. f4 g6 15. Bxd7 Nxd7 16. f5 Nxe5 17. dxe5 Bxf5 18. Rxf5 gxf5 19. Bf6 Rfc8 20. Qh5 Qa3 21.
Qg5+ Kf8 22. Rd1 Qc5 23. Qxf5 Qxe3+ 24. Kh1 c3 25. Qxh7 Ke8 26. Qg8+ Kd7 27. Qxf7+ Kc6 28. Qxd5+ Kb6 29. Rb1+ Kc7 30. Qd6# 1-0

[Event "*** Qualifier 3: Titled Tuesday 3|2 Blitz"]
[Site "Chess.com"]
[Date "2017.04.18"]
[Round "1"]
[White "Yaacovn"]
[Black "matiss90"]
[Result "1-0"]
[WhiteElo "2583"]
[BlackElo "2289"]
[TimeControl "180+2"]
[EndTime "13:07:50 PDT"]
[Termination "Yaacovn won by resignation"]

1. d4 Nf6 2. Nf3 g6 3. c4 Bg7 4.
Nc3 O-O 5. g3 d6 6. Bg2 a6 7.
O-O Nc6 8. b3 Rb8 9. Bb2 b5 10.
cxb5 axb5 11. Rc1 b4 12. Na4 Na7 13. Qc2 Nb5 14. e4 Bg4 15. h3 Bd7 16. Rfe1 Qc8 17.
Kh2 h5 18. Ng5 h4 19. g4 Bxg4 20. hxg4 Qxg4 21. Nh3 Qh5 22. Rcd1 g5 23. e5 dxe5 24. dxe5 Ng4+ 25. Kg1 Nc3 26. Nxc3 bxc3 27. Bxc3 Nh6 28. Qd2 f6 29. Qe2 g4 30. Nf4 Qf5 31. Ne6 h3 32.
Be4 Qh5 33. Nf4 Qg5 34. Qc4+ Nf7 35. Ne6 Qh4 36. Nxf8 Rxf8 37. exf6 exf6 38. Bd5 Qh5 39. Re7 g3 40. Bxf7+ Rxf7 41. Qxf7+ Qxf7 42. Rxf7 h2+ 43. Kg2 Kxf7 44. fxg3 1-0

[Event "*** Qualifier 3: Titled Tuesday 3|2 Blitz"]
[Site "Chess.com"]
[Date "2017.04.18"]
[Round "1"]
[White "juniortay"]
[Black "TenisMaster"]
[Result "0-1"]
[WhiteElo "2350"]
[BlackElo "2665"]
[TimeControl "180+2"]
[EndTime "13:08:03 PDT"]
[Termination "TenisMaster won by resignation"]

1. e4 e5 2. Nc3 Nc6 3. Bc4 Bc5 4.
Qg4 g6 5. Qf3 Nf6 6. Nge2 d6 7.
d3 Bg4 8. Qg3 Qd7 9. h3 Be6 10. Bg5 Nh5 11. Bxe6 fxe6 12. Qh4 O-O 13. O-O Nd4 14. Nxd4 Bxd4 15. Ne2 Bb6 16. a4 a5 17. c3 Rf7 18. d4 Raf8 19. Bh6 Ng7 20. Kh1 exd4 21.
cxd4 d5 22. Bxg7 Kxg7 23. e5 c6 24. f4 c5 25. Ng1 cxd4 26. Ra3 Bc5 27. Rg3 Qxa4 28.
Qg4 Qd7 29. h4 Rf5 30. Nh3 Be7 31. Ng5 h5 32. Qf3 Bxg5 33. hxg5 Qf7 34. Qb3 Rxf4 35. Rxf4 Qxf4 36. Qxb7+ Rf7 37. Qb3 Qxe5 0-1

[Event "*** Qualifier 3: Titled Tuesday 3|2 Blitz"]
[Site "Chess.com"]
[Date "2017.04.18"]
[Round "1"]
[White "proxy6"]
[Black "rasmussvane"]
[Result "0-1"]
[WhiteElo "2184"]
[BlackElo "2502"]
[TimeControl "180+2"]
[EndTime "13:08:09 PDT"]
[Termination "rasmussvane won by resignation"]

1. e4 c6 2. d4 d5 3. e5 Bf5 4. Nf3 e6 5. Be2 Ne7 6. O-O Ng6 7. Nbd2 Nf4 8. Re1 Nxe2+ 9. Rxe2 c5 10.
Nf1 Nc6 11. Be3 Bg4 12. Rd2 Qb6 13. c3 cxd4 14. Bxd4 Bc5 15. Bxc5 Qxc5 16. Ne3 Bh5 17. Qa4 O-O 18. Ng4 b5 19. Qf4 Qc4 20. Qxc4 bxc4 21. h3 Rfb8 22. Re1 Rb6 23. Nd4 Nxd4 24. cxd4 Rab8 25.
Ree2 Bg6 26. f3 a5 27. Rf2 a4 28. a3 Rb3 29. Nh2 h5 30. g4 hxg4 31. hxg4 c3 32. bxc3 Rxc3 33. f4 Be4 34. Rb2 Rc1+ 35. Nf1 Rxb2 36. Rxb2 Bd3 37. Rf2 Ra1 38. Kg2 Rxa3 39.
Nd2 Rc3 40. f5 a3 41. fxe6 fxe6 42. Nf3 Be4 0-1

[Event "*** Qualifier 3: Titled Tuesday 3|2 Blitz"]
[Site "Chess.com"]
[Date "2017.04.18"]
[Round "1"]
[White "jcibarra"]
[Black "PelinGorki"]
[Result "0-1"]
[WhiteElo "2645"]
[BlackElo "2366"]
[TimeControl "180+2"]
[EndTime "13:08:15 PDT"]
[Termination "PelinGorki won by checkmate"]

1. e4 d6 2. d4 Nf6 3. Nc3 c6 4. f4 Qa5 5. Bd3 e5 6. Nf3 exd4 7. Nxd4 Qb6 8. Nb3 a5 9. a4 Be7 10. Qe2 O-O 11. Be3 Qc7 12. h3 Na6 13. g4 Nb4 14. g5 Nd7 15. O-O-O Nc5 16. Nxc5 dxc5 17. Bc4 Rd8 18.
f5 b6 19. g6 Ba6 20. Qh5 hxg6 21. fxg6 Bf6 22. Bxf7+ Kf8 23. Qf5 Qg3 24. Bf4 Qg2 25. Bb3 c4 26. Rhg1 Rxd1+ 27. Rxd1 cxb3 28. Rd2 Qf1+ 29. Nd1 bxc2 30. Bd6+ Kg8 31. Qe6+ Kh8 32. Qg4 cxd1=R+ 33. Rxd1 Qc4+ 34. Kd2 Qd4+ 35. Ke1 Qe3+ 36. Qe2 Qxe2# 0-1

[Event "*** Qualifier 3: Titled Tuesday 3|2 Blitz"]
[Site "Chess.com"]
[Date "2017.04.18"]
[Round "1"]
[White "MaxLeto"]
[Black "Kacparov"]
[Result "0-1"]
[WhiteElo "2320"]
[BlackElo "2613"]
[TimeControl "180+2"]
[EndTime "13:08:15 PDT"]
[Termination "Kacparov won by resignation"]

1. d4 d6 2. e4 g6 3. Nc3 Bg7 4. Be3 a6 5. Qd2 Nd7 6. O-O-O b5 7. Nd5 Bb7 8. c4 e6 9. Nc3 b4 10. Nce2 Bxe4 11. Qxb4 Ngf6 12. Nf3 O-O 13. Ng3 Bc6 14. Qa5 Qb8 15. Be2 Qb7 16. Rd3 Nb6 17. Rb3 Qc8 18. h4 h5 19. Rd1 Ba4 20. Ng5 Bxb3 21. axb3 d5 22. c5 Nbd7 23. f4 Qb7 24. b4 Nb8 25.
Bd2 Nc6 26. Qa4 Ne7 27. Nf3 Ne4 28. Nxe4 dxe4 29. Ne5 Nf5 30. Be1 Ne3 31. Rd2 Nxg2 32. Bg3 Ne3 33. c6 Qa7 34. Qb3 Nf5 35. Bf2 Rfd8 36.
Nd7 a5 37. b5 a4 38. Qc4 a3 39.
b3 a2 0-1

[Event "*** Qualifier 3: Titled Tuesday 3|2 Blitz"]
[Site "Chess.com"]
[Date "2017.04.18"]
[Round "1"]
[White "BogdanDeac"]
[Black "armago"]
[Result "1-0"]
[WhiteElo "2512"]
[BlackElo "2168"]
[TimeControl "180+2"]
[EndTime "13:08:15 PDT"]
[Termination "BogdanDeac won by resignation"]

1. d4 Nf6 2. Bf4 g6 3. Nc3 d5 4. e3 Bg7 5. h4 h6 6. Nf3 O-O 7. Nb5 Na6 8. Na3 Ne4 9. Nd2 Nxd2 10.
Qxd2 c5 11. c3 cxd4 12. exd4 h5 13. Bd3 Nc7 14. Nc2 Ne8 15. Bh6 Nd6 16. Bxg7 Kxg7 17. Ne3 e6 18. f3 Qf6 19. O-O-O b5 20. g4 Rh8 21. Rdf1 Bd7 22. f4 hxg4 23. Nxg4 Qe7 24.
Ne5 Rac8 25. Kb1 a5 26. Rfg1 Kf8 27. Rxg6 Be8 28. Rg4 f5 29. Rg5 Nc4 30. Bxc4 bxc4 31. Qg2 Rb8 32. h5 a4 33. Rg1 Qh7 34. a3 Rb7 35. h6 Qxh6 36. Rg8+ Rxg8 37. Qxg8+ Ke7 38. Qg7+ Kd6 39. Qxh6 1-0

[Event "*** Qualifier 3: Titled Tuesday 3|2 Blitz"]
[Site "Chess.com"]
[Date "2017.04.18"]
[Round "1"]
[White "MyleneFarmer"]
[Black "iturrizaga"]
[Result "0-1"]
[WhiteElo "2325"]
[BlackElo "2629"]
[TimeControl "180+2"]
[EndTime "13:08:16 PDT"]
[Termination "iturrizaga won on time"]

1. d4 Nf6 2. Nf3 b6 3. c4 Bb7 4. g3 c5 5. d5 b5 6. Nc3 b4 7. Nb1 e6 8. dxe6 fxe6 9. Bg2 Be7 10. O-O O-O 11. Bf4 Qb6 12. Nbd2 Nc6 13. Qc2 Rad8 14. Rfd1 d5 15. e3 Rd7 16. e4 d4 17. Ne1 e5 18.
Bg5 d3 19. Nxd3 Nd4 20. Qb1 Ng4 21. Bxe7 Rxe7 22. Re1 Qh6 23. Nf1 Ref7 24. Qc1 Qd6 25.
Qg5 Nxf2 26. Qxe5 Nh3+ 27. Kh1 Nf2+ 28. Kg1 Qh6 29. Nf4 Rxf4 30. Ne3 Nh3+ 31. Bxh3 Nf3+ 32.
Kg2 Nxe5 33. gxf4 Bxe4+ 0-1

[Event "*** Qualifier 3: Titled Tuesday 3|2 Blitz"]
[Site "Chess.com"]
[Date "2017.04.18"]
[Round "1"]
[White "biostatistician"]
[Black "FearlessKing64"]
[Result "1-0"]
[WhiteElo "2476"]
[BlackElo "2166"]
[TimeControl "180+2"]
[EndTime "13:08:19 PDT"]
[Termination "biostatistician won by resignation"]

1. d4 Nf6 2. Nf3 g6 3. c4 Bg7 4. Nc3 d5 5. cxd5 Nxd5 6. e4 Nxc3 7.
bxc3 c5 8. Be3 Qa5 9. Qd2 O-O 10. Rc1 cxd4 11. cxd4 Qxd2+ 12. Nxd2 Rd8 13. Nb3 b6 14. Bd3 a5 15. Ke2 Na6 16. a3 a4 17. Nd2 Bxd4 18. Bxd4 Rxd4 19. Rxc8+ Rxc8 20. Bxa6 Rc2 21. Bd3 Rc3 22. Bb1 Rxa3 23. Rc1 b5 24. Nf3 Rb4 25. Bd3 Rb2+ 26. Ke3 Rbb3 27. Rd1 b4 28. Nd4 Rb2 29. Rc1 Raa2 30. Rc7 e6 31. Rb7 b3 32. f4 Rxg2 33. f5 gxf5 34. exf5 Kg7 35. fxe6 Rxh2 36. e7 Rh3+ 37. Ke4 Rh1 38. Ne6+ fxe6 39. e8=Q+ 1-0

[Event "*** Qualifier 3: Titled Tuesday 3|2 Blitz"]
[Site "Chess.com"]
[Date "2017.04.18"]
[Round "1"]
[White "Astaneh"]
[Black "Ilja_Semjonovs"]
[Result "0-1"]
[WhiteElo "2483"]
[BlackElo "2202"]
[TimeControl "180+2"]
[EndTime "13:08:22 PDT"]
[Termination "Ilja_Semjonovs won by resignation"]

1. d4 Nf6 2. c4 c5 3. d5 b5 4.
cxb5 a6 5. bxa6 g6 6. Nc3 Bg7 7. e4 O-O 8. Bd3 Qa5 9. Ne2 Bxa6 10. O-O d6 11. h3 Nbd7 12. f4 e6 13. Bxa6 Qxa6 14. dxe6 fxe6 15. f5 gxf5 16. exf5 e5 17. g4 h6 18. Ng3 Qc4 19. Qxd6 Qd4+ 20. Qxd4 exd4 21. Nce4 Nxe4 22. Nxe4 Rfe8 23. Nd6 Re2 24. Nc4 Rae8 25. Bd2 Ne5 26. Nxe5 R8xe5 27. Bf4 R5e4 28. Bg3 Rxb2 29. f6 Bf8 30. a4 Re3 31. Bf4 Rxh3 32. f7+ Kh7 33. a5 Rh4 34. Rf2 Rxg4+ 35. Kf1 Rxf2+ 36.
Kxf2 Rxf4+ 37. Kg3 Rxf7 38. a6 Ra7 39. Kf4 Bg7 40. Ke4 c4 0-1

[Event "*** Qualifier 3: Titled Tuesday 3|2 Blitz"]
[Site "Chess.com"]
[Date "2017.04.18"]
[Round "1"]
[White "Sebastian"]
[Black "MatBobula"]
[Result "1-0"]
[WhiteElo "2645"]
[BlackElo "2328"]
[TimeControl "180+2"]
[EndTime "13:08:27 PDT"]
[Termination "Sebastian won by resignation"]

1. e4 e6 2. d4 d5 3. Nc3 Bb4 4.
e5 c5 5. dxc5 Nc6 6. Nf3 Nge7 7.
Bd3 Ng6 8. O-O Bxc5 9. Re1 O-O 10. a3 a6 11. Qe2 Qc7 12. Bd2 Bd7 13. Rad1 f5 14. exf6 Rxf6 15. Bg5 Nf4 16. Qd2 Nxd3 17. Qxd3 Rf5 18. Bh4 Raf8 19. Bg3 Bd6 20. Rd2 Bxg3 21.
hxg3 h6 22. Rde2 Qd6 23. Nh4 R5f6 24. Ne4 Qe7 25. Nxf6+ Qxf6 26. c3 Na5 27. Qd4 Qf7 28. Nf3 Nc4 29. Ne5 Nxe5 30. Rxe5 Qf6 31. f3 Qf7 32. g4 Rc8 33. Qe3 Rc4 34. Rd1 Qf4 35. Qxf4 Rxf4 36. Rd4 Rxd4 37. cxd4 Kf7 38. Kf2 Bb5 39.
Kg3 Kf6 40. f4 a5 41. g5+ hxg5 42. fxg5+ Kf7 43. Kf4 a4 44. Re1 Bc4 45. Rh1 b5 46. Rh8 Kg6 47. Re8 Kf7 48. Rb8 Ke7 49. Rb7+ Kf8 50. Ke5 Kg8 51. g6 Kf8 52. Kxe6 1-0

[Event "*** Qualifier 3: Titled Tuesday 3|2 Blitz"]
[Site "Chess.com"]
[Date "2017.04.18"]
[Round "1"]
[White "ka1ser64"]
[Black "Izoria123"]
[Result "0-1"]
[WhiteElo "2332"]
[BlackElo "2635"]
[TimeControl "180+2"]
[EndTime "13:08:31 PDT"]
[Termination "Izoria123 won by resignation"]

1. d4 d6 2. Nf3 g6 3. c4 Bg7 4.
Nc3 Bg4 5. e3 c5 6. Be2 cxd4 7.
exd4 Nc6 8. Be3 Nh6 9. Qa4 Qd7 10. Rd1 Nf5 11. O-O Bxf3 12. Bxf3 Nfxd4 13. Bxc6 Nxc6 14. c5 O-O 15. cxd6 exd6 16. Rd5 Ne5 17. Qxd7 Nxd7 18.
Rxd6 Ne5 19. b3 Ng4 20. Rd3 Nxe3 21. fxe3 Rac8 22. Ne4 Rc7 23. Rfd1 Be5 24. g3 Kg7 25. Kg2 Re8 26. Ng5 Bf6 27. Nf3 Rc2+ 28. R1d2 Rc7 29.
Kf2 Rce7 30. Rc2 Be5 31. Rc4 Bc7 32. Rdc3 Bb6 33. Nd4 h5 34. a4 a6 35. Rd3 Re4 36.
Rb4 Bc5 37. Rxb7 Rxe3 38. Rd2 R3e4 39. Rd7 Rxd4 40. R2xd4 Re4 41. Kf3 Rxd4 42. Rc7 Bb4 43. Rc6 a5 0-1

[Event "*** Qualifier 3: Titled Tuesday 3|2 Blitz"]
[Site "Chess.com"]
[Date "2017.04.18"]
[Round "1"]
[White "mc4chess"]
[Black "yurisolo"]
[Result "1-0"]
[WhiteElo "2204"]
[BlackElo "2455"]
[TimeControl "180+2"]
[EndTime "13:08:31 PDT"]
[Termination "mc4chess won by resignation"]

1. c4 Nf6 2. Nc3 c5 3. Nf3 e6 4. d4 cxd4 5. Nxd4 a6 6. e4 Qc7 7. Bd3 Nc6 8. Nc2 Bd6 9. Qe2 b6 10. Bg5 Be5 11. Rc1 Bb7 12. Bh4 O-O 13. Bg3 Rac8 14.
Ne3 Nd4 15. Qd1 Rfe8 16. Bb1 h6 17. O-O Bxg3 18. hxg3 Qe5 19. f4 Qc5 20. b4 Qxb4 21. Qxd4 d5 22. e5 Nd7 23. Qd3 Nf8 24. cxd5 exd5 25.
Ncxd5 Qb2 26. Rxc8 Bxc8 27. Rf2 Qc1+ 28. Rf1 Qc5 29.
Qc3 Qb5 30. Nc7 Qa4 31. Nxe8 Qxe8 32. Be4 Be6 33. Qc6 Qd8 34. Rd1 Qb8 35. Bd5 Bd7 36.
Qb7 Qe8 37. Bb3 b5 38. Nd5 Bc6 39. Ne7+ Kh7 40. Nxc6 Ng6 41. Rd8 1-0